 Dungeon Crawl Stone Soup version 0.29.0-4-gdea44cf6ec (webtiles) character file.

Game seed: 14040984225341477752

224 qw the Chopper (level 6, -13/35 HPs)
             Began as a Tengu Warper on Aug 28, 2022.
             Mangled by an ogre
             ... wielding a +0 giant club
              (26 damage)
             ... on level 4 of the Dungeon.
             The game lasted 00:00:23 (3716 turns).

qw the Chopper (Tengu Warper)                       Turns: 3716, Time: 00:00:23

Health: -13/35     AC: 12    Str: 13    XL:     6   Next: 0%
Magic:  10/10      EV:  5    Int: 13    God:
Gold:   186        SH:  0    Dex: 14    Spells: 9/9 levels left

rFire   . . .      SeeInvis .   Y - +1 hand axe
rCold   . . .      Faith    .   (no shield)
rNeg    . . .      Spirit   .   g - +0 plate armour
rPois   +          Reflect  .   (helmet restricted)
rElec   .          Harm     .   (no cloak)
rCorr   .          Rampage  .   m - +0 pair of gloves
Will    .....                   (boots unavailable)
Stlth   ..........              (no amulet)
HPRegen 0.11/turn               d - ring of poison resistance
MPRegen 0.12/turn               (no ring)

@: flying quickly and evasively, quick
A: beak, talons 3, nimble flight
a: no special abilities


You were on level 4 of the Dungeon.
You visited 1 branch of the dungeon, and saw 4 of its levels.

You collected 186 gold pieces.


Innate Abilities, Weirdness & Mutations

You have a beak for a mouth.
You have claws for feet.
Your magical nature lets you fly swiftly and evasively.


   Skills:
 - Level 2.0 Fighting
 - Level 6.1 Axes
 - Level 1.0 Throwing
 + Level 2.6 Armour
 - Level 2.1 Dodging
 - Level 2.0 Spellcasting
 - Level 2.4 Translocations


You had 9 spell levels left.
You didn't know any spells.
Your spell library contained the following spells:

 Spells                   Type           Power      Damage    Failure   Level
 Blink                    Tloc           14%        N/A       100%        2
 Gell's Gravitas          Tloc           7%         N/A       100%        3
 Lesser Beckoning         Tloc           7%         N/A       100%        3
 Teleport Other           Tloc           7%         N/A       100%        3
 Manifold Assault         Tloc           7%         N/A       100%        5

Inventory:

Hand Weapons
 l - a +4 whip
 Y - a +1 hand axe (weapon)
Armour
 g - a +0 plate armour (worn)
 m - a +0 pair of gloves (worn)
Jewellery
 d - a ring of poison resistance (left hand)
Potions
 a - a potion of flight {unknown}
 b - a potion of haste {unknown}
 c - a potion of ambrosia {unknown}
 e - a potion of degeneration {unknown}
 h - a potion of might
 i - a potion of resistance
 k - 2 potions of curing

Dungeon Overview and Level Annotations

Branches:
Dungeon (4/15)
 Temple: D:4-7

Altars:
Cheibriados

Shops:
D:3 (


Message History

You now have 186 gold pieces (gained 11).
a - a glowing red potion
Enter note:
There is a stone staircase leading down here.
A kobold comes into view. It is wielding a +0 whip.
You hit the kobold but do no damage. The kobold hits you but does no damage.
You slash the kobold!
You kill the kobold!
Found 5 stones.
Found a spear.
An iguana comes into view.
Found a stone staircase leading down.
The iguana hisses angrily.
An ogre comes into view. It is wielding a +0 giant club.
The ogre shouts!
You hit the iguana.
The iguana is lightly wounded.
The iguana bites you.
You hit the iguana. Your kick misses the iguana.
The iguana is moderately wounded.
The iguana bites you.
You slash the iguana! You claw the iguana.
The iguana is almost dead.
The iguana bites you.
You closely miss the iguana. You claw the iguana, but do no damage.
Your peck misses the iguana.
The iguana is almost dead.
The iguana bites you!
You hit the iguana.
You kill the iguana!
You have reached level 6!
You hit the ogre. You claw the ogre.
The ogre is moderately wounded.
The ogre hits you with a +0 giant club.
You slash the ogre! You peck the ogre, but do no damage.
The ogre is heavily wounded.
The ogre hits you with a +0 giant club!!
Ouch! That really hurt!
You die...

.>.............
...)...........
...........(.....
.............##.#
............# #.#
# ...!........#
#.# ##.
.....?%....#
#.#... #.O@...##
#.#.# ###..#..#
#%..# #.)##.###<#
######.#.....##
#.....>......#
#............#
#..........###
........[....#
.......<.......#


You could see an ogre.

Vanquished Creatures
  A scorpion (D:4)
  An iguana (D:4)
  4 gnolls (D:3)
  2 adders
  3 dart slugs
  An orc (D:3)
  7 ball pythons
  4 endoplasms
  8 giant cockroaches
  6 hobgoblins
  2 jackals (D:3)
  6 kobolds
  6 quokkas (D:3)
  6 bats
  6 frilled lizards
  4 goblins
  7 rats
74 creatures vanquished.

Vanquished Creatures (others)
  5 plants (D:3)
5 creatures vanquished.

Grand Total: 79 creatures vanquished

Notes
Turn   | Place    | Note
-------+----------+-------------------------------------------
     0 | D:1      | qw the Tengu Warper began the quest for the Orb.
     0 | D:1      | Reached XP level 1. HP: 12/12 MP: 4/4
     0 | D:1      | 0 ||| qw: Version: 0.1-a-89-g26bdef1
     0 | D:1      | 0 ||| qw: Game counter: 2471
     0 | D:1      | 0 ||| qw: Always use a shield: true
     0 | D:1      | 0 ||| qw: God list: Okawaru
     0 | D:1      | 0 ||| qw: Allow faded altars: false
     0 | D:1      | 0 ||| qw: Do Orc after D:15 true
     0 | D:1      | 0 ||| qw: Do second Lair branch before Depths: true
     0 | D:1      | 0 ||| qw: Lair rune preference: random
     0 | D:1      | 0 ||| qw: Plans: Normal
     0 | D:1      | 0 ||| PLANNING D:1-11
    30 | D:1      | 30 ||| Stepping ~*~*~tactically~*~*~ (hiding).
    32 | D:1      | 32 ||| Stepping ~*~*~tactically~*~*~ (hiding).
    33 | D:1      | 33 ||| Stepping ~*~*~tactically~*~*~ (hiding).
   102 | D:1      | Reached XP level 2. HP: 15/17 MP: 6/6
   144 | D:1      | Reached skill level 3 in Axes
   147 | D:1      | Found a faded altar of an unknown god.
   314 | D:1      | 314 ||| Stepping ~*~*~tactically~*~*~ (stealth).
   315 | D:1      | 315 ||| Stepping ~*~*~tactically~*~*~ (stealth).
   478 | D:1      | 478 ||| Stepping ~*~*~tactically~*~*~ (stealth).
   479 | D:1      | 479 ||| Stepping ~*~*~tactically~*~*~ (stealth).
   480 | D:1      | 480 ||| Stepping ~*~*~tactically~*~*~ (stealth).
   761 | D:1      | 761 ||| Stepping ~*~*~tactically~*~*~ (stealth).
   762 | D:1      | 762 ||| Stepping ~*~*~tactically~*~*~ (stealth).
   912 | D:1      | Reached XP level 3. HP: 17/21 MP: 7/7
  1181 | D:1      | 1181 ||| Stepping ~*~*~tactically~*~*~ (stealth).
  1185 | D:1      | 1185 ||| Stepping ~*~*~tactically~*~*~ (stealth).
  1244 | D:1      | 1244 ||| UPGRADING to +0 ring mail.
  1254 | D:1      | 1254 ||| DROPPING +0 leather armour.
  1255 | D:1      | 1255 ||| UPGRADING to +0 plate armour.
  1265 | D:1      | 1265 ||| DROPPING +0 ring mail.
  1266 | D:1      | 1266 ||| UPGRADING to +0 pair of gloves.
  1271 | D:1      | 1271 ||| READING scroll labelled SILORIATEV.
  1272 | D:1      | 1272 ||| READING scroll labelled MIKUZE JILOU.
  1273 | D:1      | 1273 ||| DRINKING 2 purple potions.
  1302 | D:1      | 1302 ||| DRINKING 2 lumpy amethyst potions.
  1303 | D:1      | 1303 ||| DRINKING 2 black potions.
  1304 | D:1      | 1304 ||| DROPPING scroll of blinking.
  1305 | D:1      | 1305 ||| DROPPING potion of lignification.
  1354 | D:2      | 1354 ||| Stepping ~*~*~tactically~*~*~ (stealth).
  1392 | D:2      | Reached skill level 4 in Axes
  1515 | D:2      | 1515 ||| Stepping ~*~*~tactically~*~*~ (stealth).
  1517 | D:2      | 1517 ||| Stepping ~*~*~tactically~*~*~ (hiding).
  1519 | D:2      | 1519 ||| Stepping ~*~*~tactically~*~*~ (stealth).
  2066 | D:2      | Reached XP level 4. HP: 26/26 MP: 8/8
  2390 | D:2      | 2390 ||| UPGRADING to ring of poison resistance.
  2391 | D:2      | 2391 ||| READING scroll labelled RUAFOWN GAVO.
  2392 | D:2      | 2392 ||| DRINKING 2 blue potions.
  2433 | D:3      | 2433 ||| PLANNING SEWER
  2447 | D:3      | 2447 ||| FLEEEEING.
  2448 | D:3      | 2448 ||| FLEEEEING.
  2449 | D:3      | 2449 ||| STAIRDANCE
  2534 | D:3      | Found Qaeng's Weapon Emporium.
  2555 | D:3      | 2555 ||| Stepping ~*~*~tactically~*~*~ (stealth).
  2595 | D:3      | 2595 ||| Stepping ~*~*~tactically~*~*~ (stealth).
  2603 | D:3      | 2603 ||| Stepping ~*~*~tactically~*~*~ (stealth).
  2607 | D:3      | 2607 ||| Stepping ~*~*~tactically~*~*~ (stealth).
  2608 | D:3      | 2608 ||| Stepping ~*~*~tactically~*~*~ (stealth).
  2611 | D:3      | 2611 ||| Stepping ~*~*~tactically~*~*~ (stealth).
  2612 | D:3      | 2612 ||| Stepping ~*~*~tactically~*~*~ (stealth).
  2621 | D:3      | 2621 ||| Stepping ~*~*~tactically~*~*~ (stealth).
  2651 | D:3      | 2651 ||| Stepping ~*~*~tactically~*~*~ (stealth).
  2653 | D:3      | 2653 ||| Stepping ~*~*~tactically~*~*~ (stealth).
  2670 | D:3      | 2670 ||| SHOPLISTING +0 vampiric broad axe (168 gold, have
                  | 139).
  2863 | D:3      | 2863 ||| Stepping ~*~*~tactically~*~*~ (stealth).
  2865 | D:3      | 2865 ||| Stepping ~*~*~tactically~*~*~ (hiding).
  2867 | D:3      | 2867 ||| Stepping ~*~*~tactically~*~*~ (hiding).
  2874 | D:3      | Reached skill level 5 in Axes
  2876 | D:3      | HP: 6/26 [gnoll/+0 spear (1)]
  2877 | D:3      | 2877 ||| DRINKING potion of heal wounds.
  2881 | D:3      | Gained mutation: Your magical nature lets you fly swiftly
                  | and evasively. [Tengu growth]
  2881 | D:3      | Reached XP level 5. HP: 21/30 MP: 9/9
  3140 | D:3      | 3140 ||| RIP SEWER
  3193 | D:3      | 3193 ||| PLANNING D:1-11
  3394 | D:3      | Found a snail-covered altar of Cheibriados.
  3642 | D:3      | 3642 ||| DRINKING 3 yellow potions.
  3674 | D:4      | Reached skill level 6 in Axes
  3707 | D:4      | Noticed an ogre
  3715 | D:4      | Reached XP level 6. HP: 16/35 MP: 10/10
  3716 | D:4      | Mangled by an ogre

Levels and vault maps discovered:
D:1:      dpeg_arrival_short_road, layout_loops_ring,
          hellmonk_ecumenical_altar_blasted
D:2:      layout_basic
D:3:      layout_basic, chei_slow_surprise, gup_sewer_entry_pipe, serial_bayou,
          serial_bayou_pond_e, serial_bayou_pond_a, serial_bayou_pond_a,
          serial_bayou_pond_e, serial_bayou_lagoon_a, serial_bayou_crossing,
          serial_shops, shop, hex_medium
D:4:      layout_rooms, nicolae_tso_besieged_by_evil,
          mainiacjoe_overflow_two_lobes, grunt_decor_arrowhead, uniq_ijyb

Skill      XL: |  1  2  3  4  5 |
---------------+----------------+-----
Axes           | 3 4 5 6 |  6.1
Armour         | 2 |  2.6
Fighting       | |  2.0
Throwing       | |  1.0
Dodging        | |  2.1
Spellcasting   | |  2.0
Translocations | |  2.4

Action                   |  1- 3 |  4- 6 || total
-------------------------+-------+-------++-------
Melee: Hand axe          |   108 |    96 ||   204
       Peck              |    14 |    15 ||    29
       Kick              |    16 |    30 ||    46
       Punch             |       |     2 ||     2
Throw: Boomerang         |     7 |       ||     7
  Use: Potion            |     3 |     3 ||     6
       Scroll            |     2 |     1 ||     3
 Stab: Sleeping          |     1 |       ||     1
Armor: Leather armour    |    11 |       ||    11
       Plate armour      |    34 |    62 ||    96
Dodge: Dodged            |    39 |    14 ||    53

Table legend:
 A = Non-vault XP
 B = Vault XP
 C = Vault XP percentage of total XP
 D = Non-vault monster count
 E = Vault monster count
 F = Vault count percentage of total count
                 A         B        C        D         E       F
            +---------+---------+-------+---------+---------+-------
      Total |     307 |      14 |   4.4 |      67 |       7 |   9.5
            +---------+---------+-------+---------+---------+-------
        D:1 |      41 |       0 |   0.0 |      26 |       0 |   0.0
        D:2 |      43 |       0 |   0.0 |      20 |       0 |   0.0
        D:3 |      97 |      14 |  12.6 |      18 |       7 |  28.0
        D:4 |     126 |       0 |   0.0 |       3 |       0 |   0.0
            +---------+---------+-------+---------+---------+-------
